 Dungeon Crawl Stone Soup version 0.27.1-33-g824d729ab1 (webtiles) character file.

Game seed: 12659711289850587719

496 Tirrikindir the Slasher (level 7, 0/48 HPs)
             Began as an Octopode Fighter on Dec 25, 2021.
             Slain by a mummy (19 damage)
             ... in an ossuary.
             The game lasted 00:06:55 (3350 turns).

Tirrikindir the Slasher (Octopode Fighter)          Turns: 3350, Time: 00:06:56

Health: 0/48       AC:  1    Str: 15    XL:     7   Next: 15%
Magic:  7/7        EV: 12    Int: 10    God:
Gold:   55         SH:  9    Dex: 14    Spells: 6/6 levels left

rFire    . . .     SeeInvis .   a - +0 long sword
rCold    . . .     Faith    .   b - +0 kite shield
rNeg     . . .     Spirit   .   (helmet restricted)
rPois    .         Reflect  .   (no amulet)
rElec    .         Harm     .   (no ring)
rCorr    .         Rampage  .   (no ring)
Will     .....                  (no ring)
Stlth    +++.......             (no ring)
HPRegen  0.16/turn              (no ring)
MPRegen  0.10/turn              (no ring)
                                (no ring)
                                (no ring)

@: no status effects
A: almost no armour, amphibious, 8 rings, camouflage 1, gelatinous body 1,
(nimble swimmer 1), tentacles
a: no special abilities


You were in an ossuary.
You visited 1 branch of the dungeon, and saw 4 of its levels.
You also visited: Ossuary.

You collected 122 gold pieces.
You spent 67 gold pieces at shops.

Inventory:

Hand Weapons
 a - a +0 long sword (weapon)
Missiles
 f - 18 poisoned darts (quivered)
Armour
 b - a +0 kite shield (worn)
Wands
 d - a wand of digging (4)
Scrolls
 g - a scroll of torment
 i - a scroll of noise {unknown}
 l - a scroll of enchant armour {unknown}
Potions
 c - a potion of might
 e - a potion of heal wounds {unknown}
 h - 2 potions of berserk rage {unknown}
 j - a potion of curing
 k - a potion of ambrosia {unknown}
 m - a potion of lignification {unknown}
 n - a potion of flight {unknown}
 o - 2 potions of degeneration {unknown}
 p - a potion of magic {unknown}


   Skills:
 - Level 4.0 Fighting
 * Level 4.6 Long Blades
 - Level 4.0 Dodging
 + Level 3.7 Stealth
 - Level 4.0 Shields
 + Level 2.3 Evocations


You had 6 spell levels left.
You didn't know any spells.
Your spell library contained the following spells:

 Spells                   Type           Power      Damage    Failure   Level
 Ensorcelled Hibernation  Hex/Ice        0%         N/A       93%         2
 Spider Form              Tmut/Pois      0%         N/A       99%         3
 Shadow Creatures         Summ           N/A        N/A       100%        6


Dungeon Overview and Level Annotations

Branches:
Dungeon (6/15)            Ossuary (1/1)
 Temple: D:4-7

Altars:

Shops:
D:1 (!(*


Innate Abilities, Weirdness & Mutations

You cannot wear most types of armour.
You are amphibious.
You can wear up to eight rings at the same time.
Your skin changes colour to match your surroundings (Stealth+).
Your rubbery body absorbs attacks. (AC +1, EV +1)
((You are camouflaged near water. (Stealth+)))
You have tentacles for arms and can constrict up to eight enemies at once.


Message History

You release your grip on the elf zombie.
The hound zombie bites you. x2
You completely miss the elf zombie. You grab the elf zombie.
The elf zombie is heavily damaged.
You constrict the elf zombie. The elf zombie completely misses you.
You slash the elf zombie!
The elf zombie is heavily damaged.
You constrict the elf zombie. The elf zombie hits you.
You hit the elf zombie.
The elf zombie is severely damaged.
You constrict the elf zombie. You block the elf zombie's attack.
You feel better.
You constrict the elf zombie. The elf zombie closely misses you.
You riposte.
You slash the elf zombie! You squeeze the elf zombie!
The elf zombie is almost destroyed.
You hit the elf zombie.
You destroy the elf zombie!
The hound zombie bites you.
Training target 4.0 for Shields reached!
Your Shields skill increases to level 4!
Your Evocations skill increases to level 2!
You have reached level 7!
You completely miss the hound zombie. Your grab misses the hound zombie.
The hound zombie bites you. The hound zombie barely misses you.
You closely miss the hound zombie. You grab the hound zombie.
You constrict the hound zombie. You block the hound zombie's attack.
The hound zombie bites you.
You slash the hound zombie! You squeeze the hound zombie.
The hound zombie is heavily damaged.
You constrict the hound zombie. The hound zombie barely misses you.
You riposte.
You hit the hound zombie. You squeeze the hound zombie.
The hound zombie is almost destroyed.
The hound zombie bites you.
You hit the hound zombie.
The hound zombie is almost destroyed.
You constrict the hound zombie!
You destroy the hound zombie!
You barely miss the mummy. You grab the mummy. You constrict the mummy.
The mummy hits you!!
You die...

#....................#
#....#'#......###....#
#...##.##....##∩##...#
#...#...#....#?.?#...#
#...###.#....#???#...#
#..##.#.##..###'###..#
#..#..#..#..#.....#..#
#∩.#'##..#..###M###..#
#..#.....#..#.#@#.#..#
#..#..####..#.#.#.#..#
#∩.#..#..#..#'#.#'#..#
#..#..#..#..#.....#..#
#..##.#.##..##...##..#
#...#.#'#....#...#...#
#...#...#....#...#...#
#...##∩##....##.##...#
#....###......#'#....#


You could see a mummy.

Vanquished Creatures
  3 elf zombies (Ossuary)
  2 centaur zombies (Ossuary)
  A human zombie (Ossuary)
  4 hound zombies (Ossuary)
  2 mummies (Ossuary)
  A gnoll (D:1)
  6 adder zombies (Ossuary)
  A worm (D:2)
  4 orcs (D:3)
  4 ball pythons
  7 bats
  10 endoplasms
  3 giant cockroaches
  2 goblins (D:1)
  6 hobgoblins
  3 jackals (D:1)
  3 quokkas (D:1)
  5 frilled lizards
  2 goblin zombies (Ossuary)
  2 hobgoblin zombies (Ossuary)
  5 jackal zombies (Ossuary)
  2 kobolds (D:2)
  4 kobold zombies (Ossuary)
  5 quokka zombies (Ossuary)
  2 rats
  2 rat zombies (Ossuary)
91 creatures vanquished.

Vanquished Creatures (others)
  2 fungi (D:2)
  14 plants (D:2)
16 creatures vanquished.

Grand Total: 107 creatures vanquished

Notes
Turn   | Place    | Note
-------+----------+-------------------------------------------
     0 | D:1      | Tirrikindir the Octopode Fighter began the quest for the
                  | Orb.
     0 | D:1      | Reached XP level 1. HP: 16/16 MP: 1/1
   100 | D:1      | Found Zydesem's General Store.
   105 | D:1      | Reached XP level 2. HP: 21/21 MP: 2/2
   125 | D:1      | Reached skill level 1 in Stealth
   244 | D:1      | Found Zirodope's Weapon Shoppe.
   247 | D:1      | Found Gufiox's Antique Weapon Emporium.
   579 | D:1      | Reached XP level 3. HP: 26/26 MP: 3/3
   662 | D:1      | Bought a scroll of identify for 28 gold pieces
   747 | D:1      | Found Zuelon's Distillery.
  1431 | D:2      | Reached XP level 4. HP: 31/31 MP: 4/4
  1724 | D:2      | Found a faded altar of an unknown god.
  2019 | D:1      | Bought a potion of curing for 39 gold pieces
  2509 | D:3      | You fall into a shaft and drop 3 floors!
  2547 | D:6      | Found a sand-covered staircase.
  2557 | Ossuary  | Entered an ossuary
  2579 | Ossuary  | Reached XP level 5. HP: 24/36 MP: 5/5
  2906 | Ossuary  | Reached skill level 1 in Evocations
  2906 | Ossuary  | Reached XP level 6. HP: 40/43 MP: 6/6
  3346 | Ossuary  | Reached XP level 7. HP: 27/48 MP: 7/7
  3350 | Ossuary  | Slain by a mummy

Illustrated notes

Levels and vault maps discovered:
D:1:      dpeg_arrival_simpleton_a, layout_basic, serial_shops, shop,
          nicolae_shop_stone, shop_fountains, shop
D:2:      layout_rooms, shapermc_ecumenical_altar_hornbeckon
D:3:      layout_basic, uniq_jessica
D:6:      layout_cave_pools, zin_angel, nicolae_ossuary_entry_ruins
Ossuary:  minmay_ossuary_two_tombs

Skill      XL: |  1  2  3  4  5  6 |
---------------+-------------------+-----
Stealth        | 1 2 3 |  3.7
Long Blades    | 3 4 |  4.6
Evocations     | 1 2 |  2.3
Fighting       | 4 |  4.0
Dodging        | 4 |  4.0
Shields        | 4 |  4.0

Action                   |  1- 3 |  4- 6 |  7- 9 || total
-------------------------+-------+-------+-------++-------
Melee: Long sword        |    64 |   134 |     5 ||   203
       Constrict         |    17 |    49 |     2 ||    68
       Tentacles         |    13 |    38 |     2 ||    53
  Use: Scroll            |     2 |     1 |       ||     3
       Potion            |       |     1 |       ||     1
 Stab: Sleeping          |     6 |     7 |       ||    13
Armor: Skin              |     8 |    11 |       ||    19
Dodge: Dodged            |    27 |    64 |     2 ||    93
Block: Kite shield       |    39 |    61 |     1 ||   101
       Rpst.: Long sword |     9 |    19 |     1 ||    29
